Map: Terminal Paladino ER

Players

True

  • Race: Zerg Zerg
  • League: Grandmaster
  • Spawn Location: 5:00

soul - Winner!

  • Race: Terran Terran
  • League: Grandmaster
  • Spawn Location: 9:00

Event: Blacer Invitational #1

VOD

https://youtu.be/SCFVM34F5z4

Description

Time

  • Played on: Feb. 4, 2017, 1:52 p.m.
  • Length: 11:33

All games in this series

Show
View Real Time Build Order
Export as new Build Order

True Zerg 

Build Orders: Pool First 

Get SALT Encoding   

  12  0:00  Drone  
  13  0:12  Overlord  
  13  0:17  Drone  
  14  0:31  Drone x2  
  16  0:37  Drone  
  17  0:46  Spawning Pool  
  17  0:48  Extractor  
  15  0:51  Drone  
  15  0:56  Drone  
  17  1:19  Hatchery  
  17  1:22  Drone  
  17  1:31  Drone  
  18  1:37  Queen  
  20  1:45  Drone  
  21  1:49  Metabolic Boost  
  21  1:56  Overlord  
  21  2:10  Drone  
  21  2:15  Drone x2  
  24  2:16  Queen  
  26  2:31  Roach Warren  
  26  2:35  Drone  
  26  2:36  Drone  
  27  2:42  Zergling x4  
  29  2:46  Overlord  
  29  2:52  Drone  
  30  3:02  Overlord  
  30  3:06  Evolution Chamber  
  29  3:13  Roach x3  
  29  3:18  Roach  
  37  3:22  Roach  
  39  3:28  Roach  
  41  3:35  Zergling x4  
  41  3:36  Zergling x4  
  41  3:40  Zergling x2  
  46  3:43  Zergling x2  
  46  3:46  Zergling x2  
  48  3:50  Ravager  
  48  3:51  Zergling x2  
  48  3:53  Zergling x2  
  51  3:55  Zergling x2  
  51  4:11  Zergling x2  
  51  4:15  Zergling x2  
  51  4:17  Zergling x2  
  48  4:28  Zergling x8  
  39  4:49  Drone x3  
  39  4:50  Drone x4  
  41  4:53  Drone  
  41  4:57  Queen  
  42  5:02  Queen  
  42  5:05  Drone  
  43  5:08  Drone  
  43  5:12  Spore Crawler  
  42  5:23  Drone, Spore Crawler  
  42  5:24  Drone x2  
  42  5:25  Drone  
  42  5:26  Spore Crawler  
  42  5:28  Drone  
  44  5:30  Drone  
  44  5:33  Spore Crawler  
  43  5:40  Lair  
  43  5:48  Overlord  
  43  5:49  Overlord  
  40  6:01  Drone x3  
  40  6:02  Overlord  
  43  6:10  Roach  
  43  6:11  Roach x2  
  49  6:12  Roach  
  49  6:14  Roach  
  53  6:22  Roach  
  52  6:33  Zergling x4  
  52  6:34  Zergling x4  
  52  6:35  Roach  
  57  6:42  Roach  
  55  6:49  Roach  
  54  6:56  Zergling x2  
  54  6:57  Zergling x8  
  54  7:00  Zergling x2  
  55  7:09  Overseer  
  55  7:13  Drone x2  
  55  7:14  Drone  
  58  7:19  Drone x2  
  60  7:24  Overlord  
  60  7:26  Drone  
  60  7:29  Drone  
  58  7:31  Extractor  
  58  7:32  Drone  
  58  7:34  Drone  
  57  7:38  Drone x2  
  57  7:40  Drone  
  60  7:48  Drone  
  60  7:49  Drone  
  60  7:50  Drone  
  63  7:52  Drone  
  63  7:53  Overseer  
  63  7:54  Drone x2  
  63  7:56  Drone  
  67  8:00  Extractor x2  
  67  8:05  Drone  
  61  8:21  Evolution Chamber  
  61  8:23  Zerg Missile Weapons Level 1, Glial Reconstitution  
  60  8:30  Drone  
  60  8:31  Drone x4, Hatchery  
  60  8:33  Drone x2  
  62  8:38  Drone x2  
  62  8:41  Drone  
  64  8:45  Drone  
  64  8:46  Drone  
  66  8:54  Zerg Ground Armor Level 1  
  57  9:35  Roach x5  
  67  9:46  Overlord  
  67  9:56  Overlord x2  
  67  10:01  Burrow  
  67  10:06  Tunneling Claws  
  67  10:18  Roach x3  
  67  10:19  Roach  
  75  10:21  Roach  
  75  10:25  Overlord  
  77  10:33  Overlord  
  77  10:46  Ravager x5  
  77  10:47  Ravager x2  
  84  10:52  Roach  
  84  10:53  Roach  
  84  10:56  Roach  
  90  10:57  Roach  
  82  11:12  Roach  
  82  11:13  Roach x2  
Show
View Real Time Build Order
Export as new Build Order

soul Terran - Winner!

Build Orders: Reaper Expand, Hellion Banshee 

Get SALT Encoding   

  12  0:00  SCV  
  13  0:13  SCV  
  14  0:18  Supply Depot  
  14  0:25  SCV  
  15  0:31  Refinery  
  15  0:40  SCV  
  16  0:48  Barracks  
  16  0:52  SCV  
  17  1:04  SCV  
  18  1:16  SCV  
  19  1:34  Orbital Command  
  19  1:35  Reaper  
  20  1:48  Command Center  
  20  1:59  Factory  
  20  2:04  SCV  
  21  2:10  Barracks Reactor  
  21  2:16  Refinery  
  21  2:17  SCV  
  21  2:20  Supply Depot  
  23  2:30  SCV  
  23  2:42  SCV  
  24  2:46  Starport  
  24  2:54  Hellion x2  
  24  2:55  SCV  
  29  3:03  Orbital Command  
  29  3:07  SCV  
  30  3:20  Hellion  
  30  3:21  Hellion  
  30  3:26  Starport Tech Lab  
  34  3:28  SCV  
  34  3:29  SCV  
  36  3:40  SCV  
  36  3:42  Marine  
  36  3:44  Bunker  
  36  3:45  Banshee  
  40  3:50  Cyclone  
  43  3:58  Cyclone  
  46  4:04  Marine  
  43  4:22  Marine  
  42  4:28  SCV  
  42  4:30  Cloaking Field, Banshee  
  42  4:34  Orbital Command  
  42  4:38  Hellion x2  
  42  4:41  SCV  
  43  4:53  SCV  
  44  5:02  Supply Depot  
  44  5:03  SCV  
  44  5:05  SCV  
  46  5:11  Hellion  
  48  5:16  Hellion, SCV  
  48  5:17  SCV  
  48  5:27  Banshee  
  51  5:29  SCV  
  52  5:38  Armory  
  52  5:40  Hellion  
  52  5:42  Hellion  
  56  5:45  SCV  
  56  5:47  SCV  
  58  5:57  SCV  
  58  5:59  SCV  
  58  6:01  Supply Depot  
  58  6:03  Hellion, Supply Depot  
  62  6:15  Supply Depot  
  62  6:23  Hellion, SCV x2  
  62  6:25  Hellion  
  63  6:35  SCV x2  
  61  6:45  Hellion  
  61  6:46  Hellion  
  63  6:47  SCV x2  
  57  6:59  SCV x2  
  51  7:03  Barracks Tech Lab  
  54  7:11  SCV  
  54  7:12  SCV  
  54  7:13  Liberator  
  52  7:21  Supply Depot  
  52  7:22  Marine  
  52  7:24  SCV  
  55  7:32  Command Center  
  55  7:36  SCV  
  55  7:37  Siege Tank  
  62  7:39  SCV  
  62  7:40  Marine  
  62  7:42  Supply Depot  
  63  7:48  SCV  
  63  7:49  Stimpack  
  64  7:54  Barracks  
  64  8:00  SCV  
  64  8:02  SCV  
  66  8:11  Siege Tank  
  66  8:12  SCV  
  67  8:13  Barracks  
  67  8:14  SCV  
  67  8:19  Starport Reactor, Marine  
  68  8:24  Refinery x2, SCV  
  68  8:26  Supply Depot  
  70  8:30  SCV  
  71  8:37  Marine  
  71  8:40  Engineering Bay x2, SCV  
  73  8:44  Marine x2, SCV  
  73  8:48  Orbital Command  
  76  8:52  Supply Depot  
  76  8:55  Marine  
  76  8:58  Viking  
  76  9:01  Marine  
  76  9:02  Marine  
  81  9:05  Viking  
  81  9:08  Terran Infantry Weapons Level 1  
  81  9:09  Terran Infantry Armor Level 1  
  83  9:15  Barracks Reactor  
  83  9:16  Marine  
  83  9:17  SCV  
  85  9:18  Missile Turret  
  85  9:20  Marine, Missile Turret  
  86  9:29  Marine  
  86  9:30  Medivac  
  89  9:34  Marine  
  89  9:35  Medivac  
  92  9:42  Barracks  
  92  9:43  Marine, Barracks  
  92  9:45  SCV  
  94  9:47  Marine  
  94  9:48  Orbital Command  
  94  9:49  Combat Shields  
  95  9:53  SCV, Supply Depot  
  95  9:54  Marine  
  95  9:57  SCV  
  98  10:00  Medivac  
  98  10:06  Marine x3, SCV  
  104  10:10  SCV  
  104  10:13  Marine, SCV  
  107  10:15  Medivac  
  107  10:18  SCV  
  110  10:22  SCV  
  110  10:25  SCV  
  112  10:30  SCV  
  112  10:31  Barracks Reactor  
  112  10:32  Barracks Reactor  
  112  10:35  SCV  
  114  10:37  SCV  
  114  10:38  Supply Depot  
  114  10:39  Supply Depot  
  114  10:42  Refinery, Supply Depot  
  115  10:44  Medivac  
  115  10:47  Medivac  
  119  10:50  Marine  
  119  10:51  Marine x4  
  127  11:07  Marine  
  127  11:08  Marine x4  
  127  11:09  Marine x2  
  127  11:12  Marine  
Tags
 
Add a new tag
Caveats
  • Supply blocks, unpowered buildings, or Contaminate may cause inaccurate times.
  • Supply counts are checked every 10 seconds.